 Dungeon Crawl Stone Soup version 0.31-a0-841-g038b102fc3 (webtiles) character file.

Game seed: 16188595161600363554

21184 javelincjr the Mimic (level 12, -1/127 HPs)
             Began as a Troll Shapeshifter on Sept 27, 2023.
             Was a High Priest of Qazlal.
             Slain by a komodo dragon (27 damage)
             ... on level 2 of the Lair of Beasts.
             The game lasted 00:34:08 (9507 turns).

javelincjr the Mimic (Troll Shapeshifter)           Turns: 9507, Time: 00:34:09

Health: -1/127     AC: 12    Str: 28    XL:     12   Next: 51%
Magic:  11/11      EV: 11    Int:  5    God:    Qazlal [*****.]
Gold:   533        SH:  6    Dex: 10    Spells: 11/11 levels left

rFire   . . .        F - melded +6 war axe "Embalmer" {flame, rCorr Int+2}
rCold   . . .        (shield currently unavailable)
rNeg    + . .        J - +0 troll leather armour
rPois   +            (helmet restricted)
rElec   .            G - +2 ratskin cloak {*Rats rPois rN+ Str-1 Int-1 Dex+1}
rCorr   .            (gloves unavailable)
SInv    .            (boots unavailable)
Will    +....        (no amulet)
Stlth   +            T - +4 ring of protection
HPRegen 2.01/turn    K - ring of willpower
MPRegen 0.12/turn

%: repel missiles
@: blade hands, protected from physical damage
A: large, unfitting armour, (claws 3), regeneration 1, shaggy fur 1, tough skin
1
a: Begin Untransformation, Renounce Religion, Upheaval, Elemental Force,
Disaster Area


You were on level 2 of the Lair of Beasts.
You worshipped Qazlal.
Qazlal was extremely pleased with you.
You had blades for hands.
You visited 3 branches of the dungeon, and saw 14 of its levels.

You collected 720 gold pieces.
You spent 187 gold pieces at shops.

Inventory:

Hand Weapons
 u - a +2 mace of protection
 F - the +6 war axe "Embalmer" (melded) {flame, rCorr Int+2}
   (You bought it in a shop on level 7 of the Dungeon)

   Int+2:     It affects your intelligence (+2).
   rCorr:     It protects you from acid and corrosion.
Missiles
 t - 41 poisoned darts
 w - a throwing net
 L - 5 boomerangs
Armour
 l - a +1 robe of fire resistance
 G - the +2 ratskin cloak (worn) {*Rats rPois rN+ Str-1 Int-1 Dex+1}
   (You found it on level 7 of the Dungeon)

   *Rats:     When the wearer is hurt, rats may emerge from it to assist them.
   Str-1:     It affects your strength (-1).
   Int-1:     It affects your intelligence (-1).
   Dex+1:     It affects your dexterity (+1).
   rPois:     It protects you from poison rN+: It protects you from negative
   energy.
 J - a +0 troll leather armour (worn)
 S - +0 fire dragon scales
 V - a +2 robe of cold resistance
Jewellery
 i - an amulet of faith
 q - a ring of ice
 K - a ring of willpower (right blade hand)
 N - a ring of fire
 T - a +4 ring of protection (left blade hand)
 W - a +6 ring of strength
Talismans
 c - a beast talisman
 d - a flux talisman
 E - a blade talisman (active)
Wands
 a - a wand of paralysis (3) (quivered)
 p - a wand of polymorph (14)
 B - a wand of flame (28)
 I - a wand of roots (8)
 O - a wand of digging (3)
Scrolls
 f - 2 scrolls of fear
 g - a scroll of brand weapon {unknown}
 h - 2 scrolls of vulnerability
 j - 3 scrolls of poison
 k - a scroll of butterflies {unknown}
 n - 2 scrolls of enchant weapon
 r - 2 scrolls of immolation {unknown}
 v - a scroll of torment {unknown}
 y - 3 scrolls of teleportation
 A - a scroll of noise {unknown}
 D - a scroll of blinking {unknown}
 M - 4 scrolls of amnesia
 P - a scroll of revelation {unknown}
 R - a scroll of silence {unknown}
Potions
 b - 3 potions of lignification
 e - 2 potions of curing
 m - a potion of ambrosia {unknown}
 o - a potion of heal wounds
 s - 2 potions of mutation
 x - 2 potions of attraction
 z - a potion of berserk rage
 C - a potion of cancellation {unknown}
 H - 3 potions of degeneration
 Q - a potion of resistance {unknown}
 U - a potion of magic {unknown}


   Skills:
 * Level 10.4 Fighting
 + Level 7.3 Dodging
 + Level 9.1 Unarmed Combat
 + Level 0.7 Invocations
 * Level 11.7 Shapeshifting


You had 11 spell levels left.
You didn't know any spells.
Your spell library contained the following spells:

 Spells                   Type           Power      Damage    Failure   Level
 Foxfire                  Conj/Fire      0%         2x1d4     52%         1
 Sting                    Tmut/Pois      0%         1d3       52%         1
 Inner Flame              Hex/Fire       0%         N/A       87%         3
 Stone Arrow              Conj/Erth      0%         3d7       87%         3
 Brom's Barrelling Bould  Conj/Erth      0%         2d3       99%         4
 Fireball                 Conj/Fire      0%         3d3       100%        5
 Iskenderun's Battlesphe  Conj           0%         2d6       100%        5
 Yara's Violent Unravell  Hex/Tmut       0%         3d3       100%        5
 Bombard                  Conj/Erth      0%         9d1       100%        6
 Conjure Ball Lightning   Conj/Air       0%         3x3d6     100%        6
 Enfeeble                 Hex            0%         N/A       100%        7
 Orb of Destruction       Conj           0%         9d5       100%        7
 Discord                  Hex            0%         N/A       100%        8
 Disjunction              Tloc           0%         N/A       100%        8


Dungeon Overview and Level Annotations

Branches:
Dungeon (11/15)            Temple (1/1) D:4            Lair (2/5) D:11
  Swamp: Lair:2-3    Shoals: Lair:2-3     Snake: Lair:2-3    Spider: Lair:2-3
    Orc: D:9-12

Altars:
Ashenzari
Cheibriados
Dithmenos
Elyvilon
Fedhas
Gozag
Hepliaklqana
Kikubaaqudgha
Makhleb
Nemelex Xobeh
Okawaru
Qazlal
Ru
Sif Muna
Trog
Uskayaw
Vehumet
Wu Jian
Xom
Yredelemnul
Zin
The Shining One

Shops:
D:7 =((   D:10 *

Annotations:
D:10 3 runed translucent doors, exclusion: obsidian statue, beavisfan's ghost, journeyman VSSh


Innate Abilities, Weirdness & Mutations

You have blades for hands.
You are incapable of wielding weapons or throwing items.
You are too large for most types of armour.
((You have claws for hands.))
Your natural rate of healing is unusually fast.
You are covered in fur. (AC +1)
You have tough skin. (AC +1)


Message History

The cane toad stings you but does no damage.
The yak gores you but does no damage.
You hit the cane toad but do no damage. Your slash misses the cane toad.
The cane toad is almost dead.
The blink frog hits you.
The blink frog blinks!
The blink frog hits the plant!
The cane toad stings you!!
The blink frog blinks! x2
The yak gores you but does no damage.
You are too injured to fight recklessly!
You slash the cane toad!
You kill the cane toad!
Qazlal accepts your kill.
The blink frog hits you but does no damage.
The blink frog hits the plant.
The blink frog hits you!
* * * LOW HITPOINT WARNING * * *
The blink frog hits the plant!
You hit the yak but do no damage. You block the yak's attack.
The blink frog blinks!
You block the blink frog's attack. The blink frog closely misses you.
The komodo dragon closely misses you.
You slash the yak!
The yak is moderately wounded.
You block the blink frog's attack. The yak closely misses you.
You block the blink frog's attack.
The blink frog blinks!
The komodo dragon bites you!
* * * LOW HITPOINT WARNING * * *
A river rat scurries out from under your cloak.
You feel much better.
The blink frog blinks!
You block the blink frog's attack.
The blink frog is engulfed in blazing flames.
The blink frog blinks!
The yak gores you but does no damage. The komodo dragon bites you!!
* * * LOW HITPOINT WARNING * * *
The blink frog closely misses you.
You feel much better.
A nearby plant withers and dies.
The blink frog is engulfed in blazing flames.
The blink frog hits you!
* * * LOW HITPOINT WARNING * * *
The blink frog blinks!
The yak barely misses you. You block the blink frog's attack.
The blink frog is engulfed in blazing flames.
The blink frog closely misses you. The komodo dragon bites you!!
You die...

#P#..# .......
............## ###.......
.............###.#.......
..............#†#........
...............#.<# ..
..............#.#.#..
.............○.[#..#
P...........§F°#...##
.............Y@§....#
#............lrF...<...
>............○..°......
.......................
.......§...F.....#.....
.............~.~.~#....
................~.....
.....F#....≈≈≈≈≈≈≈...$
.....###...#≈#....


You could see a komodo dragon, a yak (ally target), 3 blink frogs and a friendly
river rat.

Vanquished Creatures
  A fire dragon (D:10)
  Fannar (Lair:1)
  A centaur warrior (D:10)
  4 death yaks
  A two-headed ogre (D:9)
  A deep elf pyromancer (D:10)
  An orc knight (D:10)
  An ugly thing (D:10)
  Maurice (D:8)
  A gargoyle (D:10)
  4 cane toads
  An unseen horror (D:10)
  A kobold demonologist (D:10)
  2 komodo dragons
  A polar bear (Lair:1)
  3 trolls
  A hornet (D:9)
  Sigmund (D:2)
  2 shadows (D:10)
  A wraith (D:10)
  22 yaks
  3 wyverns
  3 basilisks (Lair:1)
  A steam dragon (D:10)
  An acid dragon (D:11)
  3 water moccasins
  4 ice beasts
  7 orc warriors
  5 black bears
  2 ogres
  7 wolves
  2 centaurs (D:10)
  A phantom (D:7)
  A gnoll sergeant (D:8)
  3 kobold brigands
  5 bullfrogs
  2 scorpions
  8 wights
  6 killer bees
  An electric eel (Lair:1)
  4 howler monkeys
  4 hounds
  2 gnoll boudas
  8 orc priests
  A jelly (D:5)
  7 iguanas
  A sleepcap (D:8)
  10 orc wizards
  5 adders
  26 gnolls
  A shadow imp (D:8)
  2 ufetubi (D:5)
  2 worms
  6 dart slugs
  27 orcs
  8 ball pythons
  2 bats
  A bat zombie (D:9)
  4 endoplasms
  5 giant cockroaches
  9 goblins
  4 hobgoblins
  2 frilled lizards (D:1)
  16 kobolds
  A rat (D:2)
  A rat zombie (D:9)
276 creatures vanquished.

Vanquished Creatures (collateral kills)
  A two-headed ogre (D:8)
  An unseen horror (D:10)
  An acid dragon (D:9)
  A wight (D:10)
4 creatures vanquished.

Grand Total: 280 creatures vanquished

Notes
Turn   | Place    | Note
-------+----------+-------------------------------------------
     0 | D:1      | javelincjr the Troll Shapeshifter began the quest for the
                  | Orb.
     0 | D:1      | Reached XP level 1. HP: 18/18 MP: 0/0
   171 | D:1      | Reached skill level 1 in Fighting
   174 | D:1      | Reached XP level 2. HP: 24/27 MP: 1/1
   602 | D:2      | Reached XP level 3. HP: 33/33 MP: 2/2
   699 | D:2      | Noticed Sigmund
   711 | D:2      | Killed Sigmund
   712 | D:2      | Reached skill level 4 in Shapeshifting
   712 | D:2      | Reached XP level 4. HP: 30/44 MP: 3/3
   712 | D:2      | Reached XP level 5. HP: 35/50 MP: 4/4
   900 | D:2      | Found a faded altar of an unknown god.
  1450 | D:3      | Reached XP level 6. HP: 51/59 MP: 5/5
  2556 | D:4      | Reached XP level 7. HP: 64/67 MP: 6/6
  2670 | D:4      | Found a staircase to the Ecumenical Temple.
  2682 | Temple   | Entered the Ecumenical Temple
  2692 | Temple   | Became a worshipper of Qazlal Stormbringer
  2712 | D:4      | Reached skill level 5 in Shapeshifting
  3318 | D:5      | Entered Level 5 of the Dungeon
  3434 | D:5      | Identified the +0 ring mail of the Ecumenical Temple {Fly
                  | rN+ Str-3}
  3563 | D:5      | Reached * piety under Qazlal
  3661 | D:5      | Found a broken altar of Ashenzari.
  3666 | D:5      | Reached XP level 8. HP: 78/79 MP: 7/7
  4032 | D:6      | Reached skill level 5 in Unarmed Combat
  4032 | D:6      | Reached skill level 6 in Shapeshifting
  4196 | D:6      | Found a sparkling altar of Nemelex Xobeh.
  4205 | D:6      | Reached skill level 5 in Fighting
  4225 | D:6      | Found a radiant altar of Vehumet.
  4437 | D:6      | You fall into a shaft and drop 1 floor!
  4442 | D:7      | Found Nenasiush's Antique Weapon Emporium.
  4482 | D:7      | Bought a faintly glowing war axe for 187 gold pieces
  4482 | D:7      | Identified the +6 war axe "Embalmer" {flame, rCorr Int+2}
                  | (You bought it in a shop on level 7 of the Dungeon)
  4865 | D:7      | Reached XP level 9. HP: 32/89 MP: 8/8
  4869 | D:7      | Reached ** piety under Qazlal
  4945 | D:7      | Found Pakueg's Jewellery Shop.
  4978 | D:7      | Found the +2 ratskin cloak {*Rats rPois rN+ Str-1 Int-1
                  | Dex+1}
  5240 | D:7      | Found Wanor's Antique Weapon Shop.
  5264 | D:7      | Reached skill level 7 in Shapeshifting
  5522 | D:8      | Found a bloodstained altar of Trog.
  5523 | D:8      | Noticed Maurice
  5533 | D:8      | Noticed a two-headed ogre
  5534 | D:8      | Found a blossoming altar of Fedhas.
  5543 | D:8      | Something stole 44 gold
  5544 | D:8      | Killed a two-headed ogre
  5544 | D:8      | Something stole 168 gold
  5620 | D:8      | Killed Maurice
  5672 | D:8      | Found an iron altar of Okawaru.
  5675 | D:8      | Found a glowing golden altar of the Shining One.
  5705 | D:8      | Reached skill level 8 in Shapeshifting
  5926 | D:8      | Reached skill level 5 in Dodging
  6053 | D:9      | Noticed a two-headed ogre
  6175 | D:9      | Noticed a troll
  6180 | D:9      | Killed a troll
  6181 | D:9      | Reached XP level 10. HP: 102/102 MP: 9/9
  6287 | D:9      | Killed a two-headed ogre
  6522 | D:10     | Entered Level 10 of the Dungeon
  6548 | D:10     | Reached *** piety under Qazlal
  6577 | D:9      | Paralysed by a hornet for 2 turns
  6770 | D:9      | Reached skill level 9 in Shapeshifting
  6836 | D:9      | Got an antique book
  6985 | D:9      | Found an ancient bone altar of Kikubaaqudgha.
  7285 | D:10     | Noticed a red ugly thing
  7302 | D:10     | Killed a purple ugly thing
  7365 | D:10     | Noticed a deep elf pyromancer
  7373 | D:10     | Killed a deep elf pyromancer
  7374 | D:10     | Reached XP level 11. HP: 113/113 MP: 10/10
  7484 | D:10     | Noticed a fire dragon
  7508 | D:10     | Killed a fire dragon
  7509 | D:10     | Reached skill level 10 in Shapeshifting
  7514 | D:10     | Noticed an orc knight
  7547 | D:10     | Found a runed translucent gate.
  7547 | D:10     | Found a runed translucent gate.
  7571 | D:10     | Killed an orc knight
  7606 | D:10     | Found an opulent altar of Gozag.
  7606 | D:10     | Noticed an obsidian statue
  7607 | D:10     | Found a runed translucent gate.
  7608 | D:10     | Noticed beavisfan's ghost (journeyman VSSh)
  7608 | D:10     | Noticed an eight-headed hydra
  7609 | D:10     | Found Zaodu's Assorted Antiques.
  7609 | D:10     | Noticed a green ugly thing
  7768 | D:10     | Noticed a centaur warrior
  7784 | D:10     | Killed a centaur warrior
  7958 | D:10     | Found a white marble altar of Elyvilon.
  8066 | D:10     | Reached **** piety under Qazlal
  8458 | D:11     | Found a staircase to the Lair.
  8468 | Lair:1   | Entered Level 1 of the Lair of Beasts
  8484 | Lair:1   | Noticed a death yak
  8485 | Lair:1   | Noticed a death yak
  8485 | Lair:1   | Noticed a death yak
  8487 | Lair:1   | Noticed a death yak
  8507 | D:11     | Killed a death yak
  8508 | D:11     | Killed a death yak
  8545 | Lair:1   | Killed a death yak
  8546 | Lair:1   | Reached skill level 11 in Shapeshifting
  8546 | Lair:1   | Reached XP level 12. HP: 92/126 MP: 11/11
  8551 | Lair:1   | Killed a death yak
  8608 | Lair:1   | Noticed Fannar
  8629 | Lair:1   | Killed Fannar
  8630 | Lair:1   | Reached skill level 10 in Fighting
  8778 | Lair:1   | Reached ***** piety under Qazlal
  9507 | Lair:2   | Slain by a komodo dragon

Illustrated notes

Levels and vault maps discovered:
D:1:      reono_arrival_mine, layout_rooms, chequers_serial_rivers_room_a,
          minmay_misc_feat_encased
D:2:      layout_basic, shapermc_ecumenical_altar_pompeii, uniq_sigmund
D:3:      layout_loops_corners
D:4:      wad_river_or_something, layout_basic,
          minmay_temple_entry_statues_fountains, dk_noncrumbling_2,
          minmay_surrounded
D:5:      layout_basic, evilmike_ruin_ashenzari
D:6:      layout_basic, mainiacjoe_overflow_catwalk_spiral
D:7:      minmay_chambers_of_fours, layout_loops_ring, serial_shops,
          nicolae_shop_overgrown_old_shop, nicolae_shop_behind_doors, shop,
          chequers_serial_rivers_large_b
D:8:      layout_basic, nicolae_overflow_macrodata_refinement, uniq_maurice
D:9:      layout_basic, lemuel_zombie_altar_kikubaaqudgha
D:10:     nzn_winding_woodlands_three_and_one
          [nzn_winding_woodlands_5x15_longhouse,
          nzn_winding_woodlands_5x15_crooked,
          nzn_winding_woodlands_5x15_split_checker,
          nzn_winding_woodlands_center_pierced_h], layout_loops_cross,
          general_overflow_altar, ebering_ghost_gozag
D:11:     layout_irregular_city, grunt_lair_entry_orc_guard_hut,
          worldfamousw_hep_ancestral_shrine
Temple:   nicolae_temple_god_jail
Lair:1:   layout_regular_city, minmay_stone_trees_small,
          infiniplex_staircase_pool_2, serial_bayou_shore_a, uniq_fannar
Lair:2:   layout_cave_shapes, chequers_serial_rivers_micro_e, disabler_island,
          grunt_megastairs_2, uniq_maggie, uniq_amaemon, uniq_gastronok

Skill      XL: |  1  2  3  4  5  6  7  8  9 10 11 12 |
---------------+-------------------------------------+-----
Fighting       | 1 2 3 4 5 7 8 9 10 | 10.4
Dodging        | 2 3 4 5 6 7 |  7.3
Shapeshifting  | 4 5 6 8 9 11 | 11.7
Unarmed Combat | 4 5 6 7 8 9 |  9.1
Invocations    | |  0.7

Action                     |  1- 3 |  4- 6 |  7- 9 | 10-12 || total
---------------------------+-------+-------+-------+-------++-------
  Melee: Unarmed           |    66 |    81 |   164 |   460 ||   771
         Punch             |     1 |     2 |    11 |    10 ||    24
         Mace              |       |    25 |   105 |       ||   130
         War axe           |       |       |    21 |       ||    21
 Invoke: Upheaval          |       |       |       |     1 ||     1
  Evoke: Wand              |       |       |     1 |     4 ||     5
    Use: Potion            |       |       |       |     6 ||     6
         Scroll            |       |       |       |    10 ||    10
   Stab: Paralysed         |       |       |     3 |     3 ||     6
 Armour: Animal skin       |    36 |       |       |       ||    36
         Robe              |       |    84 |   262 |    31 ||   377
         Troll leather arm |       |       |       |   313 ||   313
  Dodge: Dodged            |    19 |    51 |   142 |   202 ||   414
         Repelled          |       |       |       |     2 ||     2
  Block: Other             |       |       |    24 |    80 ||   104
   Form: Flux              |       |       |     1 |       ||     1
         Blade             |       |       |       |     1 ||     1

Table legend: (Time is in decaauts)
 A = Elapsed time spent in this place.
 B = Non-inter-level travel time spent in this place.
 C = Inter-level travel time spent in this place.
 D = Time resting spent in this place.
 E = Time spent auto-exploring this place.
 F = Levels seen in this place.
 G = Mean time per level.
                   A        B        C        D        E       F      G
               +--------+--------+--------+--------+--------+-----+--------+
         Total |   9484 |   8976 |    508 |    253 |   6466 |  14 |  677.4 |
       Dungeon |   8496 |   8024 |    472 |    248 |   5751 |  11 |  772.4 |
        Temple |     20 |      3 |     17 |      0 |      0 |   1 |   20.0 |
          Lair |    966 |    948 |     18 |      5 |    715 |   2 |  483.0 |
               +--------+--------+--------+--------+--------+-----+--------+

Top non-repeatable levels by time:
     D:4: 1087 daAuts
    D:10: 1073 daAuts
     D:3: 997 daAuts
     D:7: 974 daAuts
  Lair:1: 925 daAuts
     D:9: 862 daAuts
     D:8: 755 daAuts
     D:5: 724 daAuts
     D:2: 703 daAuts
     D:1: 526 daAuts
     D:6: 412 daAuts
    D:11: 378 daAuts
  Lair:2: 40 daAuts
  Temple: 20 daAuts
